 Dungeon Crawl Stone Soup version 0.31-a0-538-gbc85326fa9 (console) character file.

Game seed: 18295658272969019329

9 petzl the Sneak (level 2, -1/24 HPs)
             Began as a Formicid Delver on Aug 13, 2023.
             Shot with an arrow by a centaur (3 damage)
             ... on level 9 of the Dungeon.
             The game lasted 00:07:43 (661 turns).

petzl the Sneak (Formicid Delver)                    Turns: 661, Time: 00:07:44

Health: -1/24      AC:  3    Str: 16    XL:     2   Next: 25%
Magic:  2/2        EV: 12    Int:  9    God:
Gold:   33         SH:  0    Dex: 15    Spells: 1/1 levels left

rFire   . . .        a - +0 mace
rCold   . . .        (no shield)
rNeg    . . .        b - +0 leather armour
rPois   .            (helmet unavailable)
rElec   .            (no cloak)
rCorr   .            (no gloves)
SInv    +            (no boots)
Will    .....        (no amulet)
Stlth   +++          (no ring)
HPRegen 0.24/turn    (no ring)
MPRegen 0.08/turn

%: no passive effects
@: no status effects
A: permanent stasis, dig shafts and tunnels, antennae 3, four strong arms
a: Dig, Shaft Self


You were on level 9 of the Dungeon.
You visited 1 branch of the dungeon, and saw 7 of its levels.

You collected 33 gold pieces.

Inventory:

Hand Weapons
 a - a +0 mace (weapon)
Armour
 b - a +0 leather armour (worn)
Scrolls
 c - a scroll of fog
 d - a scroll of revelation
 e - a scroll of silence {unknown}
 h - a scroll of identify {unknown}
 i - a scroll of blinking {unknown}
 j - 2 scrolls of enchant armour {unknown}
Potions
 g - a potion of curing {unknown}


   Skills:
 + Level 3.4 Fighting
 + Level 2.2 Maces & Flails
 + Level 2.0 Dodging
 + Level 6.1 Stealth


You had one spell level left.
You didn't know any spells.
Your spell library was empty.

Dungeon Overview and Level Annotations

Branches:
Dungeon (10/15)
 Temple: D:4-7         Lair: D:8-11         Orc: D:9-12

Altars:
Ashenzari
Makhleb
The Shining One

Annotations:
D:4 Edmund
D:5 exclusion: two-headed ogre, Grinder
D:8 exclusions: downstairs and wolf
D:9 exclusion: acid dragon, Jeremiah


Innate Abilities, Weirdness & Mutations

You cannot be hasted, slowed, berserked, paralysed or teleported.
You can dig through walls and to a lower floor.
You have a pair of large antennae on your head. (SInv)
Your four strong arms can wield two-handed weapons with a shield.


Message History

e - a scroll labelled BUSIKH FUCAT 2 killer bees come into view.
Found an escape hatch in the ceiling.
There is an escape hatch in the ceiling here.
A mysterious force pulls you upwards. The hatch slams shut behind you.
Level annotation: Jeremiah
Found a stone staircase leading down.
Found 6 stones.
An acid dragon comes into view.
Found a scroll labelled JORANU CONACUSCH and 13 gold pieces.
Press: ? - help, . - travel You can't see that place. [the floor.] Placed new exclusion.
Unknown command.
Unknown command.
Unknown command.
Found a stone staircase leading down.
A centaur comes into view.
Aiming: Dig
Press: ? - help, Shift-Dir - straight line, f - you Please select a direction to dig.
The rock shatters into small pieces.
Aiming: Dig
Press: ? - help, Shift-Dir - straight line, f - you Please select a direction to dig.
The rock shatters into small pieces.
Aiming: Dig
Press: ? - help, Shift-Dir - straight line, f - you Please select a direction to dig.
The rock shatters into small pieces.
The now-empty wand crumbles to dust.
You hear a shout!
The centaur wields a +1 orcbow of freezing.
It is covered in frost.
The centaur shoots an arrow.
The arrow barely misses you.
The centaur shoots an arrow.
The arrow hits you. The arrow freezes you.
The centaur shoots an arrow.
The arrow hits you!
Ouch! That really hurt!
* * * LOW HITPOINT WARNING * * *
The arrow freezes you.
You die...

.# #.# ..#
.....c..#
.>.....#.#
...".. #c# #....
#.## #... #.#
#.. #@# #.# #.#
#.# #.# #.# #.#
{ {{ #.# #.# #.#
#.# #.# ##.# #.#
##.## #.# ##.##
#.....##.# ##.##
..... #.# ##.##
###.... #.#
##.## .
.....$##.###.##
#.##...##.....##
#......##.....#
...(...##.....#
#...>........#
...........####
...........#


You could see a centaur.

Vanquished Creatures
  An ufetubus (D:5)
  A goblin (D:4)
  A jackal (D:5)
  A quokka (D:4)
4 creatures vanquished.

Notes
Turn   | Place    | Note
-------+----------+-------------------------------------------
     0 | D:5      | petzl the Formicid Delver began the quest for the Orb.
     0 | D:5      | Reached XP level 1. HP: 18/18 MP: 1/1
     9 | D:5      | Noticed a hound
    10 | D:5      | Noticed a hound
    22 | D:4      | Noticed Edmund
    57 | D:4      | Noticed an ice beast
    78 | D:4      | Noticed a scorpion
    86 | D:4      | You fall into a shaft and drop 2 floors!
   112 | D:6      | Noticed a hound
   193 | D:5      | Found a glowing golden altar of the Shining One.
   193 | D:5      | Noticed a two-headed ogre
   214 | D:5      | Noticed an iguana
   268 | D:5      | Reached XP level 2. HP: 13/24 MP: 2/2
   281 | D:5      | Noticed an ogre
   282 | D:5      | Noticed a black bear
   307 | D:4      | Noticed a wyvern
   310 | D:4      | You fall into a shaft and drop 2 floors!
   439 | D:5      | Noticed Grinder
   442 | D:5      | Found a broken altar of Ashenzari.
   495 | D:5      | You fall into a shaft and drop 1 floor!
   520 | D:7      | Noticed a bullfrog
   554 | D:9      | Noticed Jeremiah
   560 | D:8      | Noticed a wolf
   573 | D:8      | You fall into a shaft and drop 2 floors!
   573 | D:10     | Entered Level 10 of the Dungeon
   593 | D:10     | Noticed a killer bee
   593 | D:10     | Noticed a killer bee
   610 | D:9      | Noticed an acid dragon
   626 | D:9      | Noticed a centaur
   661 | D:9      | Shot with an arrow by a centaur

Illustrated notes

Levels and vault maps discovered:
D:4:      layout_loops_ring, amcnicky_mini_pool_small, uniq_edmund
D:5:      layout_gridville, old_standard_altar, gup_sewer_entry_bubbles,
          serial_bayou, serial_bayou_shore_a, serial_bayou_lagoon_a,
          serial_bayou_shore_b, serial_bayou_pond_e, hangedman_feature_mirror,
          uniq_grinder, uniq_crazy_yiuf_cottage
D:6:      layout_rooms, minmay_temple_entry_stoned_glass, kennysheep_donut
D:7:      layout_layer_cave, marbit_many_paths, enter_bailey_2, enter_ossuary_3,
          minmay_fractal_squares_gapless_5
D:8:      layout_loops_corners, hellmonk_lair_entry_icy
D:9:      layout_basic, elyvilon_altar_5, uniq_pikel, uniq_jeremiah, uniq_maggie
D:10:     layout_basic, nicolae_ru_awakened_eye, zombieorc2_lemuel,
          ebering_ghost_rock_garden

Skill      XL: |  1 |
---------------+----+-----
Dodging        | 2 |  2.0
Fighting       | |  3.4
Maces & Flails | |  2.2
Stealth        | |  6.1

Action                     || total
---------------------------++-------
  Melee: Mace              ||    11
Ability: Shaft Self        ||     4
         Dig               ||     1
  Evoke: Wand              ||     3
    Use: Scroll            ||     1
   Stab: Sleeping          ||     2
 Armour: Leather armour    ||    11
  Dodge: Dodged            ||    30

Table legend: (Time is in decaauts)
 A = Elapsed time spent in this place.
 B = Non-inter-level travel time spent in this place.
 C = Inter-level travel time spent in this place.
 D = Time resting spent in this place.
 E = Time spent auto-exploring this place.
 F = Levels seen in this place.
 G = Mean time per level.
                   A        B        C        D        E       F      G
               +--------+--------+--------+--------+--------+-----+--------+
         Total |    668 |    659 |      9 |     55 |    134 |   7 |   95.4 |
       Dungeon |    668 |    659 |      9 |     55 |    134 |   7 |   95.4 |
               +--------+--------+--------+--------+--------+-----+--------+

Top non-repeatable levels by time:
     D:5: 283 daAuts
     D:6: 164 daAuts
     D:4: 81 daAuts
     D:9: 65 daAuts
     D:8: 48 daAuts
    D:10: 23 daAuts
     D:7: 2 daAuts
